 Dungeon Crawl Stone Soup version 0.31-a0-828-gb7646bb5e3 (webtiles) character file.

Game seed: 1996893691941185622

149 Descartes the Changeling (level 5, 0/22 HPs)
             Began as a Felid Shapeshifter on Sept 24, 2023.
             Slain by a sleepcap (8 damage)
             ... on level 4 of the Dungeon.
             The game lasted 00:03:46 (2104 turns).

Descartes the Changeling (Felid Shapeshifter)       Turns: 2104, Time: 00:03:47

Health: 0/22       AC:  1    Str: 12    XL:     5   Next: 9%
Magic:  6/6        EV: 18    Int: 12    God:
Gold:   144        SH:  0    Dex: 15    Spells: 4/4 levels left
                                        Lives:  0   Deaths: 2

rFire   . .          .
                       - Unarmed
rCold   . . .        (shield unavailable)
rNeg    . . .        (body armour unavailable)
rPois   .            (helmet unavailable)
rElec   .            (cloak unavailable)
rCorr   .            (gloves unavailable)
SInv    +            (boots unavailable)
Will    .....        h - amulet of the acrobat
Stlth   ++           (no ring)
HPRegen 0.23/turn    (no ring)
MPRegen 0.10/turn

%: acrobat
@: beast-form, quick
A: beast (slay +2), very small, claws 1, fangs 3, see invisible, speed 1, shaggy
fur 1, stealthy paws, no weapons or thrown items, no armour, multi-lived
a: Begin Untransformation


You were on level 4 of the Dungeon.
You were a hulking beast.
You visited 1 branch of the dungeon, and saw 4 of its levels.

You collected 144 gold pieces.

Inventory:

Jewellery
 h - an amulet of the acrobat (around neck)
 l - an amulet of guardian spirit
Talismans
 b - a beast talisman (active)
 c - a flux talisman
Scrolls
 d - 3 scrolls of butterflies {unknown}
 e - 2 scrolls of identify {unknown}
 f - a scroll of revelation {unknown}
 g - a scroll of teleportation {unknown}
Potions
 a - 2 potions of lignification
 i - a potion of heal wounds {unknown}
 j - 2 potions of cancellation {unknown}
 k - a potion of degeneration {unknown}
 m - a potion of haste {unknown}


   Skills:
 + Level 2.2 Fighting
 + Level 3.9 Dodging
 + Level 2.9 Stealth
 + Level 3.6 Unarmed Combat
 + Level 4.0 Shapeshifting


You had 4 spell levels left.
You didn't know any spells.
Your spell library contained the following spells:

 Spells                   Type           Power      Damage    Failure   Level
 Sublimation of Blood     Necr           0%         N/A       45%         2
 Wereblood                Tmut           0%         N/A       45%         2
 Dazzling Flash           Conj/Hex       0%         N/A       69%         3
 Agony                    Necr           0%         N/A       100%        5
 Silence                  Hex/Air        0%         N/A       100%        5
 Summon Hydra             Summ           0%         N/A       100%        7


Dungeon Overview and Level Annotations

Branches:
Dungeon (4/15)
 Temple: D:4-7

Altars:
Elyvilon
Hepliaklqana
Okawaru
Qazlal
Trog

Shops:
D:2 ?   D:3 :

Annotations:
D:2 Natasha, Sigmund


Innate Abilities, Weirdness & Mutations

You are a hulking beast.
Your limbs bulge with bestial killing power. (Slay +2)
You have sharp claws.
You have razor-sharp teeth.
You have supernaturally acute eyesight. (SInv)
You cover ground quickly. (Speed+)
You are covered in fur. (AC +1)
Your paws help you pounce on unaware monsters.
You are incapable of wielding weapons or throwing items.
You cannot wear armour.
You gain extra lives every three experience levels.


Message History

The ball python hisses angrily.
You scratch the ball python.
You kill the ball python!
You scratch the ball python.
You kill the ball python!
You claw the sleepcap!
The sleepcap is moderately damaged.
The sleepcap releases spores at you!
You scratch the sleepcap.
The sleepcap is heavily damaged.
You scratch the sleepcap.
The sleepcap is severely damaged.
The sleepcap releases spores at you!
You are too injured to fight recklessly!
You are too injured to fight recklessly!
You are too injured to fight recklessly!
You are too injured to fight recklessly!
You are too injured to fight recklessly!
You are too injured to fight recklessly!
You are too injured to fight recklessly!
You are too injured to fight recklessly!
You are too injured to fight recklessly!
You are too injured to fight recklessly!
You are too injured to fight recklessly!
You are too injured to fight recklessly!
You are too injured to fight recklessly!
Unknown command.
You scratch the sleepcap but do no damage.
The sleepcap is severely damaged.
The sleepcap misses you.
You scratch the sleepcap. You bite the sleepcap.
The sleepcap is almost destroyed.
The sleepcap misses you.
You scratch the sleepcap.
The sleepcap is almost destroyed.
The sleepcap closely misses you.
You scratch the sleepcap but do no damage.
The sleepcap is almost destroyed.
The sleepcap releases spores at you!
You die...

##......... #
#.......## . #.
##..#....# .#
#..###.#....#..#
.#...#.........
......#....##..
..........##
#.....?#...#
#....#...h##
.........†f#
.......##....
.#..... .......
...... .........
.......#.....###
....# #......#
.......


You could see a sleepcap.

Vanquished Creatures
  A hound (D:2)
  An iguana (D:2)
  Natasha (D:2)
  Robin (D:3)
  A dart slug (D:1)
  8 ball pythons
  3 bats
  5 endoplasms
  2 giant cockroaches
  14 goblins
  8 hobgoblins
  A quokka (D:3)
  5 frilled lizards
  A kobold (D:1)
  2 rats
54 creatures vanquished.

Notes
Turn   | Place    | Note
-------+----------+-------------------------------------------
     0 | D:1      | Descartes the Felid Shapeshifter began the quest for the
                  | Orb.
     0 | D:1      | Reached XP level 1. HP: 9/9 MP: 2/2
    44 | D:1      | Reached XP level 2. HP: 6/12 MP: 3/3
    97 | D:1      | Found a faded altar of an unknown god.
    98 | D:1      | Noticed a shining eye
   100 | D:1      | Noticed a golden eye
   100 | D:1      | Noticed an eye of devastation
   100 | D:1      | Noticed an eye of devastation
   117 | D:1      | Reached skill level 1 in Stealth
   724 | D:2      | Noticed Natasha
   729 | D:2      | Killed Natasha
   730 | D:2      | Reached XP level 3. HP: 16/16 MP: 4/4
   750 | D:2      | Reached XP level 4. HP: 19/19 MP: 5/5
   764 | D:2      | Noticed Natasha
   780 | D:2      | Slain by a cerulean imp
   899 | D:2      | Found an iron altar of Okawaru.
   978 | D:2      | Noticed Sigmund
  1028 | D:2      | Killed from afar by Sigmund
  1171 | D:2      | Found Ucaqoty's Magic Scroll Shoppe.
  1447 | D:3      | Found a hazy altar of Hepliaklqana.
  1539 | D:3      | Found a bloodstained altar of Trog.
  1650 | D:3      | Found a stormy altar of Qazlal.
  1704 | D:3      | Noticed Robin
  1714 | D:3      | Killed Robin
  1715 | D:3      | Reached XP level 5. HP: 13/22 MP: 6/6
  1721 | D:3      | Found Voycy's Book Shoppe.
  1723 | D:3      | HP: 1/22 [goblin/+0 club[Robin] (4)]
  1950 | D:3      | Found a white marble altar of Elyvilon.
  2046 | D:3      | Reached skill level 4 in Shapeshifting
  2104 | D:4      | Slain by a sleepcap

Illustrated notes

Levels and vault maps discovered:
D:1:      minmay_arrival_radiant_lines, layout_basic,
          hellmonk_ecumenical_altar_watching_god, minmay_tetromino_s4
D:2:      layout_loops_ring, basic_altar, serial_shops,
          nicolae_shop_real_fake_doors, uniq_natasha, uniq_sigmund
D:3:      layout_loops_cross, old_standard_altar, trog_three_pillars_becter,
          nicolae_overflow_crystal_walls, nicolae_elyvilon_temple_path,
          serial_shops, shop, uniq_robin
D:4:      layout_cave_pools, serial_shops, shop, shop, kennysheep_generic_room_6

Skill      XL: |  1  2  3  4  5 |
---------------+----------------+-----
Dodging        | 3 |  3.9
Stealth        | 1 2 |  2.9
Fighting       | 2 |  2.2
Shapeshifting  | 4 |  4.0
Unarmed Combat | |  3.6

Action                     |  1- 3 |  4- 6 || total
---------------------------+-------+-------++-------
  Melee: Unarmed           |    53 |    74 ||   127
         Punch             |     3 |     2 ||     5
         Bite              |     2 |     5 ||     7
   Stab: Sleeping          |     1 |     2 ||     3
 Armour: Skin              |    11 |    24 ||    35
  Dodge: Dodged            |    34 |    64 ||    98

Table legend: (Time is in decaauts)
 A = Elapsed time spent in this place.
 B = Non-inter-level travel time spent in this place.
 C = Inter-level travel time spent in this place.
 D = Time resting spent in this place.
 E = Time spent auto-exploring this place.
 F = Levels seen in this place.
 G = Mean time per level.
                   A        B        C        D        E       F      G
               +--------+--------+--------+--------+--------+-----+--------+
         Total |   1740 |   1698 |     42 |      0 |   1299 |   4 |  435.0 |
       Dungeon |   1740 |   1698 |     42 |      0 |   1299 |   4 |  435.0 |
               +--------+--------+--------+--------+--------+-----+--------+

Top non-repeatable levels by time:
     D:3: 626 daAuts
     D:1: 597 daAuts
     D:2: 497 daAuts
     D:4: 19 daAuts
